 Dungeon Crawl Stone Soup version 0.24-a0-217-g1152973 (webtiles) character file.

Game seed: 16356777473372711268

899 geeko55 the Covered (level 8, 0/48 HPs)
             Began as a Tengu Chaos Knight on Mar 29, 2019.
             Was a Plaything of Xom.
             Engulfed by a cloud of flame (8 damage)
             ... on level 5 of the Dungeon.
             The game lasted 00:22:27 (3695 turns).

geeko55 the Covered (Tengu Chaos Knight)            Turns: 3695, Time: 00:22:27

Health: 0/48       AC: 10    Str: 13    XL:     8   Next: 7%
Magic:  9/9        EV: 13    Int: 13    God:    Xom [......]
Gold:   331        SH:  0    Dex: 15    Spells: 7/7 levels left

rFire    . . .     SeeInvis .   a - +1 falchion (chaos)
rCold    . . .     Gourm    .   (no shield)
rNeg     . . .     Faith    .   b - +3 leather armour
rPois    .         Spirit   .   (helmet restricted)
rElec    .         Reflect  .   e - +2 cloak
rCorr    .         Harm     .   (no gloves)
MR       .....                  (boots unavailable)
Stlth    +.........             h - amulet of the acrobat
HPRegen  0.16/turn              q - ring of flight
MPRegen  0.11/turn              (no ring)

@: no status effects
A: beak, talons 3, sense surroundings 1, wild magic 1, able to fly
a: Fly, Renounce Religion, Evoke Flight


You were on level 5 of the Dungeon.
You worshipped Xom.
You were a very special plaything of Xom.
You were not hungry.

You visited 1 branch of the dungeon, and saw 5 of its levels.

You collected 331 gold pieces.

Inventory:

Hand Weapons
 a - a +1 falchion of chaos (weapon)
 p - the +8 battleaxe "Qeroxuna" {venom, rPois MR+}
   (You found it on level 4 of the Dungeon)

   It poisons the flesh of those it strikes.
   It protects you from poison.
   It affects your resistance to hostile enchantments.
Missiles
 n - a throwing net (quivered)
Armour
 b - a +3 leather armour (worn)
 e - a +2 cloak (worn)
Jewellery
 h - an amulet of the acrobat (around neck)
 q - a ring of flight (left hand)
Wands
 r - a wand of random effects (19)
Scrolls
 f - 3 scrolls of remove curse
 j - 4 scrolls of identify
 s - a scroll of amnesia
 t - a scroll of enchant armour
 u - 3 scrolls of immolation
Potions
 d - a potion of flight {unknown}
 g - a potion of might
 i - 2 potions of heal wounds {unknown}
 k - a potion of berserk rage {unknown}
 l - 2 potions of lignification {unknown}
 m - a potion of mutation {unknown}
 o - a potion of agility
Comestibles
 c - 3 rations


   Skills:
 + Level 4.6 Fighting
 * Level 6.0 Long Blades
 - Level 2.1 Axes
 * Level 6.0 Armour
 + Level 3.9 Dodging


You had 7 spell levels left.
You didn't know any spells.
Your spell library was empty.

Dungeon Overview and Level Annotations

Branches:
Dungeon (5/15)
 Temple: D:4-7

Altars:
Elyvilon
Okawaru
Sif Muna
Xom


Innate Abilities, Weirdness & Mutations

You have a beak for a mouth.
You have claws for feet.
You can fly continuously.
You passively map a small area around you.
Your spells are a little harder to cast, but a little more powerful.


Message History

Your kick misses the worker ant.
The worker ant is lightly wounded.
The worker ant bites you but does no damage.
You hit the worker ant.
The worker ant pauses, visibly distraught.
You peck the worker ant, but do no damage.
The worker ant is heavily wounded.
The worker ant closely misses you.
The worker ant waves its antennae.
The worker ant bites you but does no damage.
You hit the worker ant. You burn the worker ant. You peck the worker ant.
The worker ant explodes!
The fiery explosion engulfs you!!!
Ouch! That really hurt!
* * * LOW HITPOINT WARNING * * *
You emit a cloud of colourful smoke!
Your Long Blades skill increases to level 6!
You are engulfed in blazing flames.
You die...
Xom yawns loudly!

# * # #. #.# #.# ## #a#
#.# .... ..... > #.#
..#. ,.#.#, #.# ..# ,
... , #§# ..# #, #.#
#§# ..# #.##.########§#
..# #.........§§@§#
#.###.##.##########
#..##.##.#
...##.##.############
.<..#.##............#
##.##.#############.###
......................#
##.##.#################
##..#.##############


There were no monsters in sight!

Vanquished Creatures
  A porcupine (D:2)
  A sky beast (D:5)
  An ogre (D:5)
  A phantom (D:4)
  2 scorpions
  A bullfrog zombie (D:5)
  An orc wizard (D:3)
  A hound (D:4)
  5 worker ants
  2 worker ant zombies (D:5)
  4 gnolls
  8 adders
  An ooze (D:5)
  3 worms
  6 dart slugs
  5 leopard geckos
  4 orcs
  5 giant cockroaches
  9 goblins
  6 hobgoblins
  6 kobolds
  2 quokkas
  2 ball pythons
  A ball python skeleton (D:5)
  9 bats
  4 frilled lizards
  A quokka skeleton (D:4)
  6 rats
  A fungus (D:1)
99 creatures vanquished.

Vanquished Creatures (others)
  5 dream sheep (D:3)
  A goblin (D:3)
  5 toadstools (D:1)
11 creatures vanquished.

Grand Total: 110 creatures vanquished

Notes
Turn   | Place    | Note
-------+----------+-------------------------------------------
     0 | D:1      | geeko55 the Tengu Chaos Knight began the quest for the Orb.
     0 | D:1      | Reached XP level 1. HP: 14/14 MP: 2/2
   102 | D:1      | Reached XP level 2. HP: 15/19 MP: 3/3
   154 | D:1      | XOM: divination: detect items
   432 | D:1      | Reached XP level 3. HP: 23/23 MP: 4/4
   585 | D:1      | XOM: divination: detect items
   949 | D:2      | XOM: 1-stop teleportation journey
  1249 | D:2      | Reached XP level 4. HP: 22/28 MP: 5/5
  1375 | D:2      | XOM: mild Summ miscast
  1498 | D:2      | Noticed a porcupine
  1498 | D:2      | an ooze changed into a porcupine
  1498 | D:2      | XOM: polymorph ooze -> porcupine
  1502 | D:2      | Killed a porcupine
  1502 | D:2      | Gained mutation: You can fly continuously. [Tengu growth]
  1502 | D:2      | Reached XP level 5. HP: 16/32 MP: 6/6
  1946 | D:3      | Noticed a dream sheep
  1946 | D:3      | Noticed a dream sheep
  1946 | D:3      | Noticed a dream sheep
  1946 | D:3      | Noticed a dream sheep
  1946 | D:3      | Noticed a dream sheep
  1946 | D:3      | Found a shimmering altar of Xom.
  1951 | D:3      | Killed a dream sheep
  1951 | D:3      | Killed a dream sheep
  1951 | D:3      | Killed a dream sheep
  1952 | D:3      | Killed a dream sheep
  1953 | D:3      | Killed a dream sheep
  2010 | D:3      | Found a deep blue altar of Sif Muna.
  2130 | D:3      | XOM: swap monsters
  2131 | D:3      | Reached XP level 6. HP: 27/38 MP: 7/7
  2141 | D:3      | XOM: harmless Summ miscast
  2155 | D:3      | Found a white marble altar of Elyvilon.
  2172 | D:3      | Reached skill level 5 in Long Blades
  2281 | D:3      | XOM: harmless Necr miscast
  2599 | D:4      | Got an encrusted battleaxe
  2600 | D:4      | Identified the +8 battleaxe "Qeroxuna" {venom, rPois MR+}
                  | (You found it on level 4 of the Dungeon)
  2630 | D:4      | XOM: give mutations
  2630 | D:4      | Gained mutation: Your spells are a little harder to cast,
                  | but a little more powerful. [Xom's grace]
  2630 | D:4      | Gained mutation: You passively map a small area around you.
                  | [Xom's grace]
  2661 | D:4      | Reached skill level 1 in Axes
  2836 | D:4      | Noticed a phantom
  2849 | D:4      | XOM: scenery: create altars
  2875 | D:4      | Killed a phantom
  2875 | D:4      | Reached skill level 5 in Armour
  2875 | D:4      | Reached XP level 7. HP: 34/43 MP: 8/8
  2930 | D:4      | XOM: scenery: create altars
  2936 | D:4      | XOM: confuse monster(s)
  3076 | D:5      | Entered Level 5 of the Dungeon
  3089 | D:5      | XOM: god gift: scroll labeled OSAUSCH ZOQUSH {god gift}
  3094 | D:5      | XOM: cleaving
  3115 | D:5      | Found an iron altar of Okawaru.
  3197 | D:5      | XOM: scenery: create altars
  3209 | D:5      | XOM: cast spell 'Statue Form'
  3299 | D:5      | XOM: smoke on damage
  3395 | D:5      | Reached XP level 8. HP: 41/48 MP: 9/9
  3695 | D:5      | XOM: smoke on damage
  3695 | D:5      | Engulfed by a cloud of flame

Levels and vault maps discovered:
D:1:      lemuel_arrival_room, layout_loops_corners, grunt_decor_fettered,
          minmay_gold_behind_fungi
D:2:      minmay_wonky_spiral, layout_loops_corners, grunt_ministairs_12
D:3:      layout_loops_ring, elyvilon_altar_4, kb_xom_exploding_sheep,
          lemuel_statue_altar
D:4:      layout_basic
D:5:      layout_basic, kennysheep_mini_moat, first_ration

Skill      XL: |  1  2  3  4  5  6  7  8 |
---------------+-------------------------+-----
Armour         | 3 4 5 6 |  6.0
Long Blades    | 4 5 6 |  6.0
Dodging        | 2 3 |  3.9
Fighting       | 4 |  4.6
Axes           | 2 |  2.1

Action                   |  1- 3 |  4- 6 |  7- 9 || total
-------------------------+-------+-------+-------++-------
Melee: Falchion          |    77 |    62 |    71 ||   210
       Kick              |    19 |    23 |    15 ||    57
       Peck              |    10 |    12 |    13 ||    35
       Battleaxe         |       |    14 |       ||    14
Throw: Throwing net      |       |     1 |       ||     1
  Use: Scroll            |     2 |     7 |     4 ||    13
       Potion            |     1 |     3 |       ||     4
 Stab: Sleeping          |     2 |     1 |     1 ||     4
       Paralysed         |     1 |     1 |       ||     2
       Confused          |       |     1 |     1 ||     2
  Eat: Chunk             |     1 |     2 |     1 ||     4
       Ration            |       |     1 |     1 ||     2
Armor: Leather armour    |    15 |    19 |    11 ||    45
       Skin              |       |       |     9 ||     9
Dodge: Dodged            |    45 |    52 |    49 ||   146
       Rpst.: Falchion   |    10 |     9 |    11 ||    30

Table legend:
 A = Non-vault XP
 B = Vault XP
 C = Vault XP percentage of total XP
 D = Non-vault monster count
 E = Vault monster count
 F = Vault count percentage of total count
                 A         B        C        D         E       F
            +---------+---------+-------+---------+---------+-------
      Total |    1254 |      31 |   2.4 |      94 |       4 |   4.1
            +---------+---------+-------+---------+---------+-------
        D:1 |      54 |       0 |   0.0 |      22 |       0 |   0.0
        D:2 |     211 |      31 |  12.8 |      28 |       4 |  12.5
        D:3 |     139 |       0 |   0.0 |      18 |       0 |   0.0
        D:4 |     318 |       0 |   0.0 |      10 |       0 |   0.0
        D:5 |     532 |       0 |   0.0 |      16 |       0 |   0.0
            +---------+---------+-------+---------+---------+-------
